 Dungeon Crawl Stone Soup version 0.29.0-4-gdea44cf6ec (webtiles) character file.

Game seed: 5042562549870637228

199 qw the Chopper (level 5, -1/45 HPs)
             Began as a Minotaur Berserker on Sept 10, 2022.
             Was a Follower of Trog.
             Succumbed to a scorpion's poison
             ... on level 3 of the Dungeon.
             The game lasted 00:00:43 (3675 turns).

qw the Chopper (Minotaur Berserker)                 Turns: 3675, Time: 00:00:43

Health: -1/45      AC:  8    Str: 24    XL:     5   Next: 48%
Magic:  4/4        EV:  8    Int: 10    God:    Trog [*.....]
Gold:   31         SH:  0    Dex:  9    Spells: 4/4 levels left

rFire   . . .      SeeInvis .   Y - +0 hand axe
rCold   . . .      Faith    .   (no shield)
rNeg    . . .      Spirit   .   d - +0 chain mail
rPois   .          Reflect  .   (helmet restricted)
rElec   .          Harm     .   (no cloak)
rCorr   .          Rampage  .   (no gloves)
Will    .....                   (no boots)
Stlth   ..........              (no amulet)
HPRegen 0.15/turn               n - +6 ring of intelligence
MPRegen 0.09/turn               (no ring)

@: lethally poisoned (-1 -> -5), on berserk cooldown, slowed, very slow
A: horns 2, retaliatory headbutt
a: Renounce Religion, Berserk


You were on level 3 of the Dungeon.
You worshipped Trog.
Trog was aware of your devotion.
You visited 1 branch of the dungeon, and saw 4 of its levels.

You collected 125 gold pieces.
You spent 94 gold pieces at shops.


Innate Abilities, Weirdness & Mutations

You have a pair of horns on your head.
You reflexively headbutt those who attack you in melee.


   Skills:
 - Level 3.6 Fighting
 - Level 7.5 Axes
 + Level 0.5 Throwing
 - Level 2.4 Armour
 - Level 2.1 Dodging


You had 4 spell levels left.
You didn't know any spells.
Your spell library was empty.

Inventory:

Hand Weapons
 c - a +0 flail
 Y - a +0 hand axe (weapon)
Missiles
 e - a silver boomerang (quivered)
Armour
 a - the +2 pair of boots "Eriomi" {Harm rC+}
   (You acquired it on level 2 of the Dungeon)

   rC:        It protects you from cold.
   Harm:      It increases damage dealt and taken.
 d - a +0 chain mail (worn)
Jewellery
 n - a +6 ring of intelligence (left hand)
Scrolls
 h - a scroll of teleportation
Potions
 b - a potion of lignification {unknown}
 f - a potion of resistance {unknown}
 g - a potion of might
 i - a potion of heal wounds {unknown}

Dungeon Overview and Level Annotations

Branches:
Dungeon (4/15)
 Temple: D:4-7

Altars:
Elyvilon
Ru

Shops:
D:3 (


Message History

The scorpion stings you but does no damage.
The adder barely misses you. The scorpion barely misses you.
You climb upwards.
You feel sick.
There is a stone staircase leading down here.
3666 ||| INVOKING Berserk.
A red film seems to cover your vision as you go berserk!
You feel yourself moving faster!
You feel mighty!
You feel sick. The adder bites you but does no damage. The scorpion stings you.
You are lethally poisoned!
The scorpion poisons you! The adder barely misses you.
You barely miss the scorpion.
The scorpion is almost dead.
You barely miss the adder.
You feel very sick. The scorpion stings you.
The adder bites you but does no damage.
You slash the scorpion!
You kill the scorpion!
Trog accepts your kill.
You closely miss the adder.
You feel sick.
Your Axes skill increases to level 7!
You have reached level 5!
You slash the adder!
You kill the adder!
Trog accepts your kill.
You feel sick.
There is a lethal amount of poison in your body!
You feel sick.
There is a lethal amount of poison in your body!
You feel a strong urge to attack something.
You feel sick.
There is a lethal amount of poison in your body!
You feel sick.
There is a lethal amount of poison in your body!
You feel your anger nearly subside.
You are no longer berserk.
You are exhausted.
You feel yourself slow down.
You feel sick.
There is a lethal amount of poison in your body!
You feel sick.
There is a lethal amount of poison in your body!
You die...

##########.....................
#.....................#...8....
#########......................
#..<(.....####..8.\<8.+
#..##.....######.......
#.................8....
#..##.....#.####.......
#..##.%)..#.####....###
#.....@.............#..
#....%......##......+..
#.######..#.##.#....#..
###..#####..#..#.#....#..
#..............#.#....'..
#....##...............#..
#..............#.#....#..
#.#..##..#........)...#..
#................#....#..


There were no monsters in sight!

Vanquished Creatures
  A scorpion (D:3)
  Natasha (thrice) (D:2)
  2 adders (D:3)
  A worm (D:2)
  3 orcs (D:3)
  5 ball pythons
  3 giant cockroaches
  5 goblins
  2 hobgoblins (D:1)
  3 jackals (D:1)
  4 kobolds
  A quokka (D:1)
  3 bats (D:1)
  6 rats
42 creatures vanquished.

Notes
Turn   | Place    | Note
-------+----------+-------------------------------------------
     0 | D:1      | qw the Minotaur Berserker began the quest for the Orb.
     0 | D:1      | Reached XP level 1. HP: 19/19 MP: 0/0
     0 | D:1      | 0 ||| qw: Version: 0.1-a-113-g051387a
     0 | D:1      | 0 ||| qw: Game counter: 7398
     0 | D:1      | 0 ||| qw: Always use a shield: true
     0 | D:1      | 0 ||| qw: Do Orc after D:15 true
     0 | D:1      | 0 ||| qw: Do second Lair branch before Depths: true
     0 | D:1      | 0 ||| qw: Lair rune preference: random
     0 | D:1      | 0 ||| qw: Plans: Normal
     0 | D:1      | 0 ||| PLANNING D:1-11
   191 | D:1      | Reached skill level 4 in Axes
   385 | D:1      | Reached XP level 2. HP: 26/26 MP: 1/1
   404 | D:1      | 404 ||| INVOKING Berserk.
   506 | D:1      | 506 ||| Stepping ~*~*~tactically~*~*~ (stealth).
   642 | D:1      | Found a faded altar of an unknown god.
  1054 | D:1      | 1054 ||| UPGRADING to +0 chain mail.
  1064 | D:1      | 1064 ||| DROPPING +0 animal skin.
  1065 | D:1      | 1065 ||| READING scroll labelled IQEINI PITRI.
  1066 | D:1      | 1066 ||| READING scroll labelled IFUZOUGIOM.
  1067 | D:1      | 1067 ||| READING scroll labelled COELLE AWE.
  1068 | D:1      | 1068 ||| READING scroll labelled ITEUTI UCZEENOF.
  1069 | D:1      | 1069 ||| Stepping randomly (stuck).
  1070 | D:1      | 1070 ||| Stepping ~*~*~tactically~*~*~ (cloud).
  1427 | D:2      | 1427 ||| INVOKING Berserk.
  1430 | D:2      | Reached skill level 5 in Axes
  1572 | D:2      | Reached XP level 3. HP: 31/31 MP: 2/2
  1670 | D:2      | Found a white marble altar of Elyvilon.
  1717 | D:2      | Noticed Natasha
  1718 | D:2      | 1718 ||| Stepping ~*~*~tactically~*~*~ (hiding).
  1721 | D:2      | 1721 ||| INVOKING Berserk.
  1725 | D:2      | Killed Natasha
  1900 | D:2      | 1900 ||| FLEEEEING.
  1901 | D:2      | 1901 ||| FLEEEEING.
  1902 | D:2      | 1902 ||| FLEEEEING.
  1903 | D:2      | 1903 ||| FLEEEEING.
  1904 | D:2      | 1904 ||| FLEEEEING.
  1909 | D:2      | 1909 ||| FLEEEEING.
  1910 | D:2      | 1910 ||| FLEEEEING.
  1911 | D:2      | 1911 ||| FLEEEEING.
  1912 | D:2      | 1912 ||| FLEEEEING.
  1913 | D:2      | 1913 ||| FLEEEEING.
  1975 | D:2      | Noticed Natasha
  1978 | D:2      | 1978 ||| INVOKING Berserk.
  1984 | D:2      | Killed Natasha
  1985 | D:2      | Reached skill level 6 in Axes
  1985 | D:2      | Reached XP level 4. HP: 39/39 MP: 3/3
  2175 | D:2      | Noticed Natasha
  2182 | D:2      | 2182 ||| INVOKING Berserk.
  2184 | D:2      | Killed Natasha
  2597 | D:2      | 2597 ||| DROPPING amulet of magic regeneration.
  2598 | D:2      | 2598 ||| UPGRADING to +6 ring of intelligence.
  2599 | D:2      | 2599 ||| READING scroll labelled TEFALEO ZILOU.
  2603 | D:2      | 2603 ||| READING scroll labelled UHULOWU ATIMOU.
  2740 | D:2      | 2740 ||| READING scroll labelled VOATTAEFYTS.
  2741 | D:2      | 2741 ||| READING scroll labelled FIYRACIQOU.
  2742 | D:2      | 2742 ||| READING scroll labelled XIADDO SYVU.
  2743 | D:2      | 2743 ||| READING scroll labelled YTSETZ BYLODO.
  2743 | D:2      | Identified a scroll of acquirement
  2743 | D:2      | 2743 ||| ACQUIRING +2 pair of boots "Eriomi" {Harm rC+}
  2743 | D:2      | Acquired the +2 pair of boots "Eriomi" {Harm rC+}
  2745 | D:2      | 2745 ||| DRINKING 2 golden potions.
  2885 | D:3      | Found Wyud's Antique Weapon Shop.
  2900 | D:3      | 2900 ||| FLEEEEING.
  2901 | D:3      | 2901 ||| FLEEEEING.
  2905 | D:3      | 2905 ||| FLEEEEING.
  2906 | D:3      | 2906 ||| FLEEEEING.
  2907 | D:3      | 2907 ||| FLEEEEING.
  2912 | D:3      | 2912 ||| FLEEEEING.
  2913 | D:3      | 2913 ||| STAIRDANCE
  3056 | D:3      | 3056 ||| DROPPING +0 club.
  3071 | D:3      | 3071 ||| BUYING flail (94 gold).
  3071 | D:3      | Bought a flail for 94 gold pieces
  3071 | D:3      | 3071 ||| DROPPING +0 whip.
  3128 | D:3      | Found a sacrificial altar of Ru.
  3654 | D:4      | Noticed a scorpion
  3655 | D:4      | 3655 ||| STAIRDANCE
  3660 | D:4      | 3660 ||| STAIRDANCE
  3664 | D:4      | 3664 ||| STAIRDANCE
  3666 | D:3      | 3666 ||| INVOKING Berserk.
  3667 | D:3      | HP: 14/58 [poisoned by a scorpion]
  3668 | D:3      | Killed a scorpion
  3669 | D:3      | Reached skill level 7 in Axes
  3669 | D:3      | Reached XP level 5. HP: 12/45 MP: 4/4
  3672 | D:3      | HP: 5/67 [poisoned by a scorpion]
  3673 | D:3      | HP: 2/45 [poisoned by a scorpion]
  3675 | D:3      | Succumbed to a scorpion's poison

Levels and vault maps discovered:
D:1:      lightli_arrival_windingriver, layout_basic,
          hellmonk_ecumenical_altar_pennies_from_heaven
D:2:      layout_basic, basic_altar, uniq_natasha
D:3:      layout_basic, mainiacjoe_overflow_boulevard, serial_shops,
          nicolae_shop_statue_plus, grunt_decor_one_mirror
D:4:      layout_cave_pools, fedhas_altar_4, kennysheep_mini,
          minmay_gold_behind_fungi

Skill      XL: |  1  2  3  4 |
---------------+-------------+-----
Axes           | 4 5 6 7 |  7.5
Fighting       | |  3.6
Throwing       | |  0.5
Armour         | |  2.4
Dodging        | |  2.1

Action                   |  1- 3 |  4- 6 || total
-------------------------+-------+-------++-------
Melee: Hand axe          |    49 |    20 ||    69
       Headbutt          |     5 |     4 ||     9
       Unarmed           |       |     2 ||     2
       Punch             |       |     1 ||     1
Throw: Boomerang         |    14 |    12 ||    26
Invok: Berserk           |     4 |     2 ||     6
  Use: Scroll            |     4 |     6 ||    10
       Potion            |       |     1 ||     1
Armor: Animal skin       |     8 |       ||     8
       Chain mail        |     9 |     8 ||    17
Dodge: Dodged            |    26 |    17 ||    43

Table legend:
 A = Non-vault XP
 B = Vault XP
 C = Vault XP percentage of total XP
 D = Non-vault monster count
 E = Vault monster count
 F = Vault count percentage of total count
                 A         B        C        D         E       F
            +---------+---------+-------+---------+---------+-------
      Total |     249 |      36 |  12.6 |      41 |       1 |   2.4
            +---------+---------+-------+---------+---------+-------
        D:1 |      30 |       0 |   0.0 |      19 |       0 |   0.0
        D:2 |      88 |      36 |  29.0 |      10 |       1 |   9.1
        D:3 |     128 |       0 |   0.0 |      10 |       0 |   0.0
        D:4 |       3 |       0 |   0.0 |       2 |       0 |   0.0
            +---------+---------+-------+---------+---------+-------
